 Dungeon Crawl Stone Soup version 0.31-a0-986-g5e6e4ef867 (webtiles) character file.

Game seed: 2016775581635147190

2998 GloriousHammer the Grappler (level 9, -4/82 HPs)
             Began as a Troll Chaos Knight on Nov 8, 2023.
             Was a Plaything of Xom.
             Slain by a yak (10 damage)
             ... on level 7 of the Dungeon.
             The game lasted 00:13:20 (4936 turns).

GloriousHammer the Grappler (Troll Chaos Knight)    Turns: 4936, Time: 00:13:21

Health: -4/82      AC:  8    Str: 25    XL:     9   Next: 54%
Magic:  8/8        EV: 14    Int:  7    God:    Xom [....*.]
Gold:   616        SH:  0    Dex: 13    Spells: 8/8 levels left

rFire   + .          .
                       - Unarmed
rCold   + . .        (no shield)
rNeg    . . .        e - +0 acid dragon scales
rPois   +            (helmet restricted)
rElec   .            (no cloak)
rCorr   +            (gloves unavailable)
SInv    .            (boots unavailable)
Will    .....        (no amulet)
Stlth   +            C - ring of protection from cold
HPRegen 1.13/turn    (no ring)
MPRegen 0.11/turn

%: no passive effects
@: agile, hasted and slowed
A: large, unfitting armour, claws 3, regeneration 1, shaggy fur 1, tough skin 1,
agile 1, fire resistance 1, frail 1, poison resistance, teleportitis 1
a: Renounce Religion


You were on level 7 of the Dungeon.
You worshipped Xom.
You were a beloved toy of Xom.
You visited 2 branches of the dungeon, and saw 8 of its levels.
You also visited: Sewer.

You collected 616 gold pieces.

Inventory:

Hand Weapons
 b - a +3 spear of chaos
Missiles
 j - 10 poisoned darts
 m - 30 stones
 r - 4 atropa-tipped darts
 s - 2 boomerangs
 v - 4 large rocks
Armour
 e - +0 acid dragon scales (worn)
 t - a +2 kite shield
Jewellery
 C - a ring of protection from cold (left claw)
 M - a ring of magical power
Wands
 f - a wand of flame (8)
 w - a wand of iceblast (9)
Scrolls
 a - a scroll of butterflies
 d - 2 scrolls of acquirement {unknown}
 i - 2 scrolls of identify
 k - 5 scrolls of teleportation
 q - a scroll of blinking {unknown}
 u - a scroll of fear {unknown}
 x - 2 scrolls of vulnerability {unknown}
Potions
 c - 3 potions of lignification
 g - a potion of heal wounds {unknown}
 h - a potion of attraction {unknown}
 l - 4 potions of curing {unknown}
 n - 5 potions of enlightenment
 o - 2 potions of haste
 p - a potion of might {unknown}
 I - 2 potions of brilliance


   Skills:
 + Level 6.6 Fighting
 + Level 3.2 Armour
 - Level 1.9 Dodging
 * Level 10.7 Unarmed Combat


You had 8 spell levels left.
You didn't know any spells.
Your spell library contained the following spells:

 Spells                   Type           Power      Damage    Failure   Level
 Lesser Beckoning         Tloc           0%         N/A       65%         2
 Gell's Gravitas          Tloc           0%         N/A       86%         3
 Ozocubu's Armour         Ice            0%         N/A       86%         3
 Teleport Other           Tloc           0%         N/A       86%         3
 Volatile Blastmotes      Fire/Tloc      0%         2d10      86%         3
 Fulminant Prism          Conj/Hex       0%         3d5       99%         4
 Iskenderun's Mystic Bla  Conj/Tloc      0%         2d3       99%         4
 Ozocubu's Refrigeration  Ice            0%         4d7       100%        7


Dungeon Overview and Level Annotations

Branches:
Dungeon (7/15)             Temple (1/1) D:4           Sewer (visited)

Altars:
Dithmenos
Elyvilon
Fedhas
Gozag
Hepliaklqana
Kikubaaqudgha
Makhleb
Nemelex Xobeh
Okawaru
Qazlal
Sif Muna
Trog
Uskayaw
Vehumet
Xom


Innate Abilities, Weirdness & Mutations

You are too large for most types of armour.
You have claws for hands.
Your natural rate of healing is unusually fast.
You are covered in fur. (AC +1)
You have tough skin. (AC +1)
You are agile. (Dex +4, Str/Int -1)
Your flesh is heat resistant. (rF+)
You are frail. (-10% HP)
Your system is resistant to poisons. (rPois)
You are occasionally teleported next to monsters.


Message History

You mangle the yak!!
The yak is almost dead.
The yak gores you.
You mangle the yak!!
You kill the yak!
You scratch the yak.
The yak is lightly wounded.
You barely miss the yak.
The yak is lightly wounded.
The yak gores you!
You mangle the yak!!
The yak is severely wounded.
The yak gores you!
You claw the yak! You claw the yak.
You kill the yak!
You claw the yak! x2
The yak is severely wounded.
You claw the yak! You claw the yak, but do no damage.
The yak is almost dead.
The yak gores you!
You mangle the yak!!
You kill the yak!
You claw the yak!
The yak is moderately wounded.
The yak gores you but does no damage.
You barely miss the yak.
The yak is moderately wounded.
Xom momentarily opens a gate.
The yak barely misses you.
You closely miss the yak.
The yak is moderately wounded.
You mangle the yak!!
The yak is almost dead. "The weather's been a little too boring around here."
The yak gores you!
You scratch the yak.
You kill the yak!
You are engulfed in seething chaos.
You feel agile all of a sudden.
You are now a beloved toy of Xom.
Your crimson imp blinks!
Your Armour skill increases to level 3!
The yak gores you.
Your ufetubus is engulfed in seething chaos.
Things that are here:
a yak corpse; a yak corpse You barely miss the yak.
The yak closely misses you.
Your ufetubus is engulfed in seething chaos.
You scratch the yak.
The yak is lightly wounded.
Your ufetubus is engulfed in seething chaos.
Your ufetubus suddenly seems more agile.
The yak gores you but does no damage.
You scratch the yak.
The yak is moderately wounded.
Your ufetubus is engulfed in seething chaos.
Your ufetubus seems to slow down.
The yak gores you!
You claw the yak!
The yak is severely wounded.
You are engulfed in seething chaos.
You feel yourself slow down.
Your ufetubus is no longer moving slowly.
Your crimson imp is engulfed in seething chaos.
Your crimson imp is moving more slowly.
The yak gores you!
* * * LOW HITPOINT WARNING * * *
You barely miss the yak.
The yak is severely wounded.
You are engulfed in seething chaos.
You feel yourself speed up.
Your ufetubus is engulfed in seething chaos. x2
The yak barely misses you.
You mangle the yak!!
You kill the yak!
You are engulfed in seething chaos.
You feel as though you will be slow longer.
Your ufetubus is engulfed in seething chaos.
Your ufetubus seems to slow down.
Your crimson imp is engulfed in seething chaos.
Your ufetubus is no longer moving slowly.
The yak barely misses you.
Your ufetubus is engulfed in seething chaos.
Your crimson imp is engulfed in seething chaos.
Your crimson imp is duplicated!
Your crimson imp blinks!
You see here a yak corpse.
You scratch the yak.
The yak is lightly wounded.
The yak gores you!
* * * LOW HITPOINT WARNING * * *
You scratch the yak but do no damage.
The yak is lightly wounded.
Your crimson imp stops moving altogether! x2
The yak gores you!
* * * LOW HITPOINT WARNING * * *
Your crimson imp cannot move out of your way!
Okay, then.
You mangle the yak!!
The yak is severely wounded.
The yak gores you!
You die...

....... .....#
#.[....###....## ..
........##......
... ............##
#.. .......$....[##
#.#
......[...5...##..
..............#.#
####........#..#
#...#####.Y@##
#..#. ####5###
...##. ##5.### ####
[[ ##...## ..
#....# ###....##
##...##..#######
#..<.###..##...###
#..##.####........#


You could see a yak (ally target), 2 friendly crimson imps and a friendly
ufetubus (summoned, agile).

Vanquished Creatures
  Maggie (D:6)
  5 yaks (D:7)
  2 steam dragons
  2 water moccasins
  An ice beast (D:7)
  A centaur (D:6)
  2 ogres (D:6)
  A kobold brigand (D:6)
  2 scorpions
  4 wights (D:6)
  A jelly (D:5)
  3 orc priests
  6 hounds
  A sleepcap (D:5)
  2 iguanas
  5 orc wizards
  A sickly merfolk siren (Sewer)
  A malarious merfolk avatar (Sewer)
  3 gnolls (D:4)
  11 adders
  3 river rats (Sewer)
  3 white imps
  4 ufetubi (D:5)
  A worm (D:2)
  3 dart slugs
  17 orcs
  11 ball pythons
  3 endoplasms
  8 giant cockroaches
  6 goblins
  6 hobgoblins
  13 kobolds
  7 quokkas
  6 bats
  9 frilled lizards
  32 rats
187 creatures vanquished.

Vanquished Creatures (collateral kills)
  An orc (D:5)
1 creature vanquished.

Grand Total: 188 creatures vanquished

Notes
Turn   | Place    | Note
-------+----------+-------------------------------------------
     0 | D:1      | GloriousHammer the Troll Chaos Knight began the quest for
                  | the Orb.
     0 | D:1      | Reached XP level 1. HP: 22/22 MP: 0/0
   100 | D:1      | Reached XP level 2. HP: 29/29 MP: 1/1
   489 | D:1      | Reached XP level 3. HP: 36/36 MP: 2/2
   561 | D:1      | Reached skill level 4 in Unarmed Combat
   921 | D:2      | XOM: enchant monster (good)
  1005 | D:2      | Reached XP level 4. HP: 45/45 MP: 3/3
  1172 | D:2      | XOM: 4-stop teleportation journey
  1342 | D:2      | Noticed a scorpion
  1346 | D:2      | XOM: summons 4 friendly demons
  1349 | D:2      | Killed a scorpion
  1350 | D:2      | Reached skill level 5 in Unarmed Combat
  1350 | D:2      | Reached XP level 5. HP: 47/53 MP: 4/4
  1591 | D:3      | Found a shimmering altar of Xom.
  1637 | D:3      | Found a glowing drain.
  1658 | Sewer    | Entered a sewer
  1902 | Sewer    | Reached XP level 6. HP: 60/62 MP: 5/5
  2049 | Sewer    | XOM: god gift: 24 gold pieces
  2297 | D:3      | Reached skill level 6 in Unarmed Combat
  2352 | D:3      | an adder changed into a steam dragon
  2352 | D:3      | Noticed a steam dragon
  2352 | D:3      | XOM: polymorph adder -> steam dragon
  2359 | D:3      | Killed a steam dragon
  2464 | D:3      | XOM: give mutations
  2464 | D:3      | Gained mutation: You are robust. (+10% HP) [Xom's grace]
  2464 | D:3      | Gained mutation: You have hidden genetic potential. [Xom's
                  | grace]
  2497 | D:3      | XOM: god gift: brown potion {god gift}
  2571 | D:3      | XOM: divination: detect creatures
  2649 | D:3      | Found a hazy altar of Hepliaklqana.
  2673 | D:3      | XOM is BORED!
  2720 | D:4      | Found a stormy altar of Qazlal.
  2822 | D:4      | Reached XP level 7. HP: 78/78 MP: 6/6
  3057 | D:4      | Found a staircase to the Ecumenical Temple.
  3066 | Temple   | Entered the Ecumenical Temple
  3344 | D:5      | Entered Level 5 of the Dungeon
  3391 | D:5      | XOM: enchant monster (good)
  3392 | D:5      | Reached skill level 7 in Unarmed Combat
  3453 | D:5      | XOM: summons 3 friendly demons
  3463 | D:5      | Gained mutation: Your system is resistant to poisons.
                  | (rPois) [hidden potential]
  3505 | D:5      | Found an opulent altar of Gozag.
  3569 | D:5      | XOM: summons 2 friendly demons
  3575 | D:5      | Reached skill level 5 in Fighting
  3658 | D:5      | Reached skill level 8 in Unarmed Combat
  3704 | D:5      | Found a radiant altar of Vehumet.
  3758 | D:5      | Reached XP level 8. HP: 66/88 MP: 7/7
  3879 | D:5      | XOM: god gift: murky sapphire potion {god gift}
  4015 | D:6      | Noticed Maggie
  4033 | D:6      | Killed Maggie
  4049 | D:6      | Gained mutation: Your flesh is heat resistant. (rF+)
                  | [hidden potential]
  4049 | D:6      | Lost mutation: You have hidden genetic potential. [hidden
                  | potential expressed]
  4106 | D:6      | Reached skill level 9 in Unarmed Combat
  4139 | D:6      | Found a shadowy altar of Dithmenos.
  4162 | D:6      | XOM: summons 2 hostile demons
  4303 | D:6      | XOM: chaos upgrade
  4309 | D:6      | Reached skill level 1 in Armour
  4422 | D:6      | XOM: give mutations
  4422 | D:6      | Gained mutation: You have a pair of small antennae on your
                  | head. [Xom's mischief]
  4422 | D:6      | Gained mutation: You occasionally lose the ability to drink
                  | potions when taking damage. [Xom's mischief]
  4486 | D:6      | Lost mutation: You are robust. (+10% HP) [potion of
                  | mutation]
  4486 | D:6      | Lost mutation: You have a pair of small antennae on your
                  | head. [potion of mutation]
  4486 | D:6      | Gained mutation: You are occasionally teleported next to
                  | monsters. [potion of mutation]
  4794 | D:6      | XOM: confusion
  4799 | D:6      | XOM: polymorph bullfrog -> ogre
  4803 | D:6      | Reached XP level 9. HP: 89/89 MP: 8/8
  4844 | D:6      | XOM: give mutations
  4844 | D:6      | Gained mutation: You are agile. (Dex +4, Str/Int -1) [Xom's
                  | mischief]
  4844 | D:6      | Lost mutation: You occasionally lose the ability to drink
                  | potions when taking damage. [Xom's mischief]
  4844 | D:6      | Gained mutation: You are frail. (-10% HP) [Xom's mischief]
  4878 | D:7      | Reached skill level 10 in Unarmed Combat
  4922 | D:7      | XOM: summons 2 friendly demons
  4924 | D:7      | XOM: chaos cloud
  4936 | D:7      | Slain by a yak

Illustrated notes

Levels and vault maps discovered:
D:1:      dpeg_arrival_boxorama, layout_basic
D:2:      layout_loops_cross, minmay_quantized
D:3:      layout_basic, mainiacjoe_overflow_six_doors_small, marbit_many_paths,
          gup_sewer_entry_glass
D:4:      layout_rooms, amcnicky_altar_gilded, lemuel_temple_firewalk_b,
          patterned_corridor
D:5:      layout_basic, pf_just_have_faith, grunt_gozag_statues
D:6:      layout_loops_ring, grunt_dithmenos_smoke_and_mirrors, uniq_maggie
D:7:      layout_layer_cave, serial_shops, shop, shop_fountains, shop, shop,
          nicolae_shop_just_a_little_nook, uniq_duvessa
Temple:   hellmonk_temple_rainy

Skill      XL: |  1  2  3  4  5  6  7  8  9 |
---------------+----------------------------+-----
Unarmed Combat | 4 5 6 8 9 10 | 10.7
Fighting       | 3 4 5 6 |  6.6
Armour         | 2 3 |  3.2
Dodging        | |  1.9

Action                     |  1- 3 |  4- 6 |  7- 9 || total
---------------------------+-------+-------+-------++-------
  Melee: Unarmed           |    94 |   195 |   220 ||   509
         Punch             |       |       |    14 ||    14
    Use: Scroll            |       |       |     5 ||     5
         Potion            |       |       |     1 ||     1
   Stab: Sleeping          |       |     1 |       ||     1
 Armour: Robe              |    73 |   125 |   113 ||   311
         Acid dragon scale |       |       |    74 ||    74
  Dodge: Dodged            |    37 |    65 |   100 ||   202

Table legend: (Time is in decaauts)
 A = Elapsed time spent in this place.
 B = Non-inter-level travel time spent in this place.
 C = Inter-level travel time spent in this place.
 D = Time resting spent in this place.
 E = Time spent auto-exploring this place.
 F = Levels seen in this place.
 G = Mean time per level.
                   A        B        C        D        E       F      G
               +--------+--------+--------+--------+--------+-----+--------+
         Total |   4874 |   4571 |    303 |     47 |   3167 |   9 |  541.6 |
       Dungeon |   4467 |   4164 |    303 |     47 |   3041 |   7 |  638.1 |
        Temple |      1 |      1 |      0 |      0 |      0 |   1 |    1.0 |
         Sewer |    404 |    404 |      0 |      0 |    126 |   1 |  404.0 |
               +--------+--------+--------+--------+--------+-----+--------+

Top non-repeatable levels by time:
     D:1: 868 daAuts
     D:6: 829 daAuts
     D:3: 725 daAuts
     D:2: 696 daAuts
     D:5: 647 daAuts
     D:4: 617 daAuts
   Sewer: 404 daAuts
     D:7: 83 daAuts
  Temple: 1 daAuts
